 Dungeon Crawl Stone Soup version 0.20-a0-618-gbb8d3ca (webtiles) character file.

422 randomizer the Digger (level 6, -1/32 HPs)
             Began as a Gargoyle Earth Elementalist on Feb 9, 2017.
             Was an Initiate of Vehumet.
             Slain by Pikel
             ... wielding a +1 whip of flaming
              (2 damage)
             ... on level 4 of the Dungeon.
             The game lasted 00:13:31 (5863 turns).

randomizer the Digger (Gargoyle Earth Elementalist) Turns: 5863, Time: 00:13:31

Health: -1/32      AC:  6    Str: 11    XL:     6   Next: 95%
Magic:  9/13       EV: 12    Int: 18    God:    Vehumet [......]
Gold:   232        SH:  0    Dex: 10    Spells: 6/15 levels left

rFire    . . .     SeeInvis .   f - +1 short sword
rCold    . . .     Gourm    .   c - +0 robe
rNeg     + . .     Faith    .   (no shield)
rPois    ∞         Spirit   .   (no helmet)
rElec    +         Reflect  .   (no cloak)
rCorr    .         Harm     .   (no gloves)
MR       .....                  (no boots)
Stlth    ++........             (no amulet)
Regen    0.1/turn               (no ring)
                                (no ring)

@: very slightly contaminated
A: negative energy resistance 1, electricity resistance, unbreathing,
petrification resistance, rot immunity, AC +4
a: Renounce Religion


You were on level 4 of the Dungeon.
You worshipped Vehumet.
Vehumet was noncommittal.
You were not hungry.

You visited 1 branch of the dungeon, and saw 4 of its levels.

You collected 232 gold pieces.

Inventory:

Hand Weapons
 f - a +1 short sword (weapon)
 l - a +0 flail
Missiles
 b - 94 stones (quivered)
Armour
 c - a +0 robe (worn)
Wands
 h - a wand of flame (8/48)
Scrolls
 i - 2 scrolls of remove curse
 k - 2 scrolls of enchant weapon
 m - 2 scrolls of teleportation
Potions
 g - 2 potions of curing
 j - a potion of agility
 n - a potion of cure mutation
 o - a potion of lignification {unknown}
 q - a potion of resistance {unknown}
Books
 e - a book of Geomancy

   Spells                             Type                      Level
   a - Sandblast                      Earth                        1
   b - Passwall                       Transmutation/Earth          2
   c - Stone Arrow                    Conjuration/Earth            3
   d - Petrify                        Transmutation/Earth          4
   e - Lee's Rapid Deconstruction     Earth                        5
Comestibles
 a - 2 meat rations
 d - 3 bread rations
 p - a chunk of flesh
 s - a royal jelly


   Skills:
 - Level 1.5 Dodging
 - Level 2.1 Stealth
 * Level 5.0 Spellcasting
 + Level 2.9 Conjurations
   Level 0.7 Transmutations
 + Level 5.7 Earth Magic


You had 6 spell levels left.
You knew the following spells:

 Your Spells              Type           Power        Failure   Level  Hunger
a - Sandblast             Erth           ####..       1%          1    None
b - Stone Arrow           Conj/Erth      ###...       10%         3    ##.....
c - Lee's Rapid Deconstr  Erth           ####......   41%         5    ######.


Dungeon Overview and Level Annotations

Branches:
Dungeon (4/15)
 Temple: D:4-7

Altars:
Ru
Vehumet
The Shining One

Annotations:
D:4 Pikel


Innate Abilities, Weirdness & Mutations

You are resistant to torment.
Your stone body is resilient. (AC +4)
You are immune to poison.
You resist negative energy. (rN+)
You are resistant to electric shocks. (rElec)
You can survive without breathing.
You are immune to petrification.
You are immune to rotting.


Message History

Pikel closely misses you.
You hear a shout!
Pikel closely misses you.
There is a stone staircase leading up here.
Casting: Stone Arrow
Confirm with . or Enter, or press ? or * to list all spells.
Aiming: Stone Arrow
Press: ? - help, Shift-Dir - straight line, f - Pikel
Aim: Pikel, wielding a whip of flaming and wearing a robe (berserk, fast, unusually strong)
You miscast Stone Arrow.
You are very lightly contaminated with residual magic.
Nothing appears to happen.
Pikel hits you with a whip of flaming!
* * * LOW HITPOINT WARNING * * *
Pikel burns you.
* * * LOW HITPOINT WARNING * * *
Pikel closely misses you. Pikel hits you with a whip of flaming!
* * * LOW HITPOINT WARNING * * *
Pikel burns you.
You die...

### ### #.# #.#
#.##########.####
#.....p.p..#@K..#
###.########.####p###
###.....# #.p......#
......#.# ##########
###K###... ..p.# ####
.#### .# p# ...


You could see Pikel (berserk) and a slave.

Vanquished Creatures
  A howler monkey (D:4)
  The ghost of jermanator181 the Caller, a weakling TeSu (D:3)
  A hound (D:4)
  Jessica (D:3)
  3 worker ants (D:4)
  Terence (D:2)
  Natasha (D:2)
  An orc wizard (D:3)
  6 adders
  2 oozes
  2 worms (D:3)
  2 dart slugs (D:1)
  A leopard gecko (D:1)
  10 orcs (D:3)
  5 giant cockroaches
  9 goblins
  2 hobgoblins (D:1)
  4 jackals (D:3)
  4 kobolds
  3 quokkas
  3 ball pythons
  5 bats
  4 frilled lizards
  6 rats
78 creatures vanquished.

Notes
Turn   | Place    | Note
-------+----------+-------------------------------------------
     0 | D:1      | randomizer the Gargoyle Earth Elementalist began the quest for the Orb.
     0 | D:1      | Reached XP level 1. HP: 10/10 MP: 3/3
   254 | D:1      | Reached XP level 2. HP: 5/15 MP: 0/5
  1160 | D:1      | Reached XP level 3. HP: 13/19 MP: 4/7
  1166 | D:1      | Learned a level 3 spell: Stone Arrow
  2051 | D:2      | Noticed Terence
  2073 | D:2      | Killed Terence
  2073 | D:2      | Reached skill level 1 in Conjurations
  2073 | D:2      | Reached XP level 4. HP: 24/24 MP: 4/8
  2965 | D:2      | Noticed Natasha
  2968 | D:2      | Killed Natasha
  3211 | D:3      | Found a sacrificial altar of Ru.
  3276 | D:3      | Found a glowing golden altar of the Shining One.
  3285 | D:3      | Reached XP level 5. HP: 28/28 MP: 4/10
  3292 | D:3      | Learned a level 5 spell: Lee's Rapid Deconstruction
  3908 | D:3      | Noticed jermanator181's ghost (weakling TeSu)
  4225 | D:3      | Killed jermanator181's ghost
  4225 | D:3      | Reached skill level 5 in Earth Magic
  4601 | D:3      | Reached XP level 6. HP: 25/32 MP: 4/12
  4690 | D:3      | Noticed Jessica
  4691 | D:3      | Killed Jessica
  5487 | D:4      | Noticed a slave
  5487 | D:4      | Noticed a slave
  5725 | D:4      | Found a radiant altar of Vehumet.
  5733 | D:4      | Became a worshipper of Vehumet
  5802 | D:4      | Reached skill level 5 in Spellcasting
  5808 | D:4      | Noticed a slave
  5809 | D:4      | Noticed Pikel
  5813 | D:4      | Noticed a slave
  5863 | D:4      | HP: 1/32 [Pikel/whip of flaming (7)]
  5863 | D:4      | Slain by Pikel

Vault maps used:
D:1:      erik_arrival_triangle_small
D:2:      uniq_natasha, uniq_terence
D:3:      tso_oasis_becter, nicolae_ru_sacrificial_ziggurat, kennysheep_nub,
          uniq_jessica
D:4:      old_standard_altar, portal_sewer_entry_e, first_bread,
          minmay_misc_feat_hallway, uniq_pikel, uniq_grinder

Skill      XL: |  1  2  3  4  5  6 |
---------------+-------------------+-----
Earth Magic    | 4 5 |  5.7
Spellcasting   | 3 4 5 |  5.0
Conjurations   | 1 2 |  2.9
Dodging        | |  1.5
Stealth        | |  2.1
Transmutations | |  0.7

Action                   |  1- 3 |  4- 6 || total
-------------------------+-------+-------++-------
Melee: Short sword       |    96 |   205 ||   301
       Unarmed           |     2 |       ||     2
 Cast: Sandblast         |    19 |    39 ||    58
       Stone Arrow       |     2 |    17 ||    19
  Use: Potion            |     4 |       ||     4
       Scroll            |       |     9 ||     9
 Stab: Sleeping          |       |     3 ||     3
  Eat: Chunk             |     3 |    12 ||    15
       Fruit             |       |     1 ||     1
       Royal jelly       |       |     1 ||     1
Armor: Robe              |    44 |    97 ||   141
Dodge: Dodged            |    72 |   174 ||   246
